PBL
YORK REVOLUTION @ PARIS CUBS
09/09/2047
 
TOP OF THE 1ST
York Revolution batting - Pitching for Paris Cubs : RHP Luis Solis
Pitching: RHP Luis Solis
Batting: LHB Matt Urbanek 0-0: Ball
1-0: Foul Ball, location: 2F
1-1: Foul Ball, location: 2F
1-2: Ground out 6-3 (Groundball, 56, EV 85.6 MPH)
Batting: RHB Juan Valadez 0-0: Swinging Strike
0-1: Swinging Strike
0-2: Foul Ball, location: 2F
0-2: Ball
1-2: Ball
2-2: Foul Ball, location: 2F
2-2: Ball
3-2: Fly out, F7 (Flyball, 7LSF, EV 82.5 MPH)
Batting: RHB Chris Myers 0-0: Called Strike
0-1: Ball
1-1: Ball
2-1: Foul Ball, location: 2F
2-2: Fly out, F9 (Line Drive, 89M, EV 113.1 MPH)
Top of the 1st over - 0 runs, 0 hits, 0 errors, 0 left on base; York 0 - Paris 0
BOTTOM OF THE 1ST
Paris Cubs batting - Pitching for York Revolution : LHP Jonathan Monroy
Pitching: LHP Jonathan Monroy
Batting: RHB Lencho Otieno 0-0: Foul Ball, location: 2F
0-1: Bunt missed!
0-2: Fly out, F3 (Popup, 34, EV 35.6 MPH)
Batting: SHB Jim Lloyd 0-0: Foul Ball, location: 2F
0-1: Hit by Pitch
Batting: RHB Ricky Ramirez 0-0: Ball
Jim Lloyd steals 2nd base
1-0: Fly out, F9 (Line Drive, 9S, EV 108.1 MPH)
Batting: RHB Jorge Lagunas 0-0: Fly out, F8 (Flyball, 8LD, EV 90.6 MPH)
Bottom of the 1st over - 0 runs, 0 hits, 0 errors, 1 left on base; York 0 - Paris 0
TOP OF THE 2ND
York Revolution batting - Pitching for Paris Cubs : RHP Luis Solis
Batting: RHB Tony Perez 0-0: Foul Ball, location: 2F
0-1: Ball
1-1: Foul Ball, location: 2F
1-2: Ball
2-2: Ball
3-2: Foul Ball, location: 2F
3-2: Foul Ball, location: 2F
3-2: Fly out, F8 (Flyball, 89M, EV 76.2 MPH)
Batting: RHB Simon Mergeni 0-0: Ball
1-0: Foul Ball, location: 2F
1-1: Ball
2-1: Foul Ball, location: 2F
2-2: Fly out, F4 (Flyball, 34D, EV 86.2 MPH)
Pitching: RHP Jose Mata
Batting: SHB Steve DeRienzo 0-0: Foul Ball, location: 2F
0-1: Foul Ball, location: 2F
0-2: Ground out 4-3 (Groundball, 4M, EV 107.5 MPH)
Top of the 2nd over - 0 runs, 0 hits, 0 errors, 0 left on base; York 0 - Paris 0
BOTTOM OF THE 2ND
Paris Cubs batting - Pitching for York Revolution : LHP Jonathan Monroy
Batting: RHB David Bousfield 0-0: Ball
1-0: Fly out, F8 (Line Drive, 8LD, EV 88.8 MPH)
Batting: RHB Dan Orozco 0-0: Ball
1-0: Ball
2-0: Ball
3-0: Base on Balls
Batting: LHB Jeremy Rideout 0-0: Ball
Dan Orozco is caught stealing 2nd base 2-6
1-0: Called Strike
1-1: Ball
2-1: Fly out, F9 (Line Drive, 89D, EV 91.2 MPH)
Bottom of the 2nd over - 0 runs, 0 hits, 0 errors, 0 left on base; York 0 - Paris 0
TOP OF THE 3RD
York Revolution batting - Pitching for Paris Cubs : RHP Jose Mata
Batting: LHB Travis Hahn 0-0: Ball
1-0: Ground out 6-3 (Groundball, 6, EV 99.4 MPH)
Batting: RHB Jesse Sargent 0-0: Foul Ball, location: 2F
0-1: Ball
1-1: Swinging Strike
1-2: Foul Ball, location: 2F
1-2: Ball
2-2: Foul Ball, location: 2F
2-2: Foul Ball, location: 2F
2-2: Strikes out swinging
Batting: RHB Alexis Graciani 0-0: Ball
1-0: Called Strike
1-1: Ball
2-1: Foul Ball, location: 2F
2-2: Foul Ball, location: 2F
2-2: Strikes out swinging
Top of the 3rd over - 0 runs, 0 hits, 0 errors, 0 left on base; York 0 - Paris 0
BOTTOM OF THE 3RD
Paris Cubs batting - Pitching for York Revolution : LHP Jonathan Monroy
Batting: LHB Jose Mafano 0-0: Ball
1-0: Ball
2-0: Called Strike
2-1: SINGLE (Line Drive, 3D, EV 97.5 MPH)
Batting: RHB Willie Rubio 0-0: Called Strike
0-1: Foul Ball, location: 2F
0-2: Ball
1-2: Strikes out looking
Batting: RHB Lencho Otieno 0-0: Ball
1-0: Foul Ball, location: 2F
1-1: Fly out, F8 (Line Drive, 8LM, EV 89.4 MPH)
Batting: SHB Jim Lloyd 0-0: Called Strike
0-1: Swinging Strike
0-2: Strikes out swinging
Bottom of the 3rd over - 0 runs, 1 hit, 0 errors, 1 left on base; York 0 - Paris 0
TOP OF THE 4TH
York Revolution batting - Pitching for Paris Cubs : RHP Jose Mata
Pitching: RHP Alberto Cabrera
Batting: LHB Matt Urbanek 0-0: Ball
1-0: Foul Ball, location: 2F
1-1: Swinging Strike
1-2: Ball
2-2: Foul Ball, location: 2F
2-2: Ball
3-2: SINGLE (Groundball, 56, EV 101.2 MPH)
Batting: RHB Juan Valadez 0-0: Foul Ball, location: 2F
0-1: DOUBLE (Line Drive, 89D, EV 115.0 MPH)
Matt Urbanek to third
Runner from 3rd tries for Home, throw by RF and OUT! 9-4-2
Batting: RHB Chris Myers 0-0: 2-RUN HOME RUN (Flyball, 7D, EV 101.2 MPH), Distance : 387 ft
Batting: RHB Tony Perez 0-0: Ball
1-0: Called Strike
1-1: Fly out, F8 (Flyball, 8RXD, EV 86.9 MPH)
Batting: RHB Simon Mergeni 0-0: Foul Ball, location: 2F
0-1: SINGLE (Groundball, 34S, EV 74.4 MPH) (infield hit)
Batting: SHB Steve DeRienzo 0-0: Called Strike
0-1: Ball
Passed Ball!
Simon Mergeni to second
1-1: Ball
2-1: Ball
3-1: Base on Balls
Pitching: RHP Melvin Orengo
Batting: LHB Travis Hahn 0-0: Ball
1-0: Ball
2-0: Called Strike
2-1: Swinging Strike
2-2: Ball
3-2: Foul Ball, location: 2F
3-2: Base on Balls
Simon Mergeni to third
Steve DeRienzo to second
Batting: RHB Jesse Sargent 0-0: Ball
1-0: Called Strike
1-1: Swinging Strike
1-2: Ball
2-2: Ball
3-2: Strikes out looking
Top of the 4th over - 2 runs, 4 hits, 0 errors, 3 left on base; York 2 - Paris 0
BOTTOM OF THE 4TH
Paris Cubs batting - Pitching for York Revolution : LHP Jonathan Monroy
Batting: RHB Ricky Ramirez 0-0: Called Strike
0-1: Ball
1-1: Ball
2-1: Ball
3-1: Called Strike
3-2: Strikes out swinging
Batting: RHB Jorge Lagunas 0-0: Foul Ball, location: 2F
0-1: Ball
1-1: Foul Ball, location: 2F
1-2: Ball
2-2: Foul Ball, location: 2F
2-2: Ball
3-2: Strikes out swinging
Batting: RHB David Bousfield 0-0: SINGLE (Groundball, 4S, EV 67.5 MPH) (infield hit)
Batting: RHB Dan Orozco 0-0: Swinging Strike
0-1: Foul Ball, location: 2F
0-2: Ball
1-2: Strikes out swinging
Bottom of the 4th over - 0 runs, 1 hit, 0 errors, 1 left on base; York 2 - Paris 0
TOP OF THE 5TH
York Revolution batting - Pitching for Paris Cubs : RHP Melvin Orengo
Batting: RHB Alexis Graciani 0-0: Called Strike
0-1: Swinging Strike
0-2: Strikes out swinging
Batting: LHB Matt Urbanek 0-0: Called Strike
0-1: Foul Ball, location: 2F
0-2: Ball
1-2: Foul Ball, location: 2F
1-2: Ball
2-2: Ball
3-2: Foul Ball, location: 2F
3-2: SINGLE (Groundball, 4D, EV 108.1 MPH)
Pitching: RHP Mike Reusch
Batting: RHB Juan Valadez 0-0: Ball
1-0: Foul Ball, location: 2F
1-1: Swinging Strike
1-2: Ball
2-2: DOUBLE (Groundball, 5L, EV 102.5 MPH)
Matt Urbanek to third
Batting: RHB Chris Myers 0-0: Ball
1-0: Ball
2-0: Swinging Strike
2-1: Foul Ball, location: 2F
2-2: Ball
3-2: Base on Balls
Batting: RHB Tony Perez 0-0: Ball
1-0: Called Strike
1-1: Ball
2-1: Foul Ball, location: 2F
2-2: Ball
3-2: Foul Ball, location: 2F
3-2: Base on Balls
Matt Urbanek scores
Juan Valadez to third
Chris Myers to second
Pitching: LHP Noah Hornby
Batting: RHB Simon Mergeni 0-0: Fly out, F7 (Flyball, 78D, EV 99.4 MPH)
Runner from 3rd tags up, SCORES, throw by LF
Chris Myers to third
Batting: SHB Steve DeRienzo 0-0: Foul Ball, location: 2F
0-1: Ground out 6-3 (Groundball, 56D, EV 98.8 MPH)
Top of the 5th over - 2 runs, 2 hits, 0 errors, 2 left on base; York 4 - Paris 0
BOTTOM OF THE 5TH
Paris Cubs batting - Pitching for York Revolution : LHP Jonathan Monroy
Batting: LHB Jeremy Rideout 0-0: Foul Ball, location: 2F
0-1: SINGLE (Line Drive, 78S, EV 107.5 MPH)
Batting: LHB Jose Mafano 0-0: 2-RUN HOME RUN (Line Drive, 78XD, EV 108.1 MPH), Distance : 439 ft
Batting: RHB Willie Rubio 0-0: Ball
1-0: Called Strike
1-1: Swinging Strike
1-2: Ball
2-2: Foul Ball, location: 2F
2-2: Ball
3-2: Foul Ball, location: 2F
3-2: Strikes out looking
Batting: RHB Lencho Otieno 0-0: Ball
1-0: Swinging Strike
1-1: Foul Ball, location: 2F
1-2: Strikes out swinging
Batting: SHB Jim Lloyd 0-0: Foul Ball, location: 2F
0-1: Ball
1-1: Ball
2-1: Foul Ball, location: 2F
2-2: Ball
3-2: Base on Balls
Batting: RHB Ricky Ramirez 0-0: Called Strike
0-1: Ball
1-1: Ball
Jim Lloyd is caught stealing 2nd base 2-4
Bottom of the 5th over - 2 runs, 2 hits, 0 errors, 0 left on base; York 4 - Paris 2
TOP OF THE 6TH
York Revolution batting - Pitching for Paris Cubs : LHP Noah Hornby
Batting: LHB Travis Hahn 0-0: Called Strike
0-1: Ball
1-1: Called Strike
1-2: Ground out 6-3 (Groundball, 6, EV 86.2 MPH)
Batting: RHB Jesse Sargent 0-0: Ball
1-0: Ball
2-0: Ball
3-0: Foul Ball, location: 2F
3-1: Base on Balls
Batting: RHB Alexis Graciani 0-0: Ball
1-0: Swinging Strike
1-1: Grounds into double play, 6-4-3 (Groundball, 6, EV 85.6 MPH)
Top of the 6th over - 0 runs, 0 hits, 0 errors, 0 left on base; York 4 - Paris 2
BOTTOM OF THE 6TH
Paris Cubs batting - Pitching for York Revolution : LHP Jonathan Monroy
Batting: RHB Ricky Ramirez 0-0: Swinging Strike
0-1: Called Strike
0-2: Ball
1-2: Strikes out swinging
Pitching: RHP Tim Starks
Batting: RHB Jorge Lagunas 0-0: Called Strike
0-1: Ball
1-1: Swinging Strike
1-2: Ground out 6-3 (Groundball, 6, EV 88.8 MPH)
Batting: RHB David Bousfield 0-0: Swinging Strike
0-1: Foul Ball, location: 2F
0-2: Strikes out swinging
Bottom of the 6th over - 0 runs, 0 hits, 0 errors, 0 left on base; York 4 - Paris 2
TOP OF THE 7TH
York Revolution batting - Pitching for Paris Cubs : LHP Noah Hornby
Batting: LHB Matt Urbanek 0-0: Called Strike
0-1: Ball
1-1: Fly out, F8 (Line Drive, 8LS, EV 95.0 MPH)
Pitching: RHP Robbie Schoen
Batting: RHB Juan Valadez 0-0: Called Strike
0-1: Ball
1-1: Ball
2-1: Ball
3-1: Base on Balls
Batting: RHB Chris Myers 0-0: Ball
1-0: Swinging Strike
1-1: Ball
2-1: Ground out 5-3 (Groundball, 5L, EV 104.4 MPH)
Juan Valadez to second
Batting: RHB Tony Perez 0-0: Ball
1-0: Ball
2-0: Foul Ball, location: 2F
2-1: Foul Ball, location: 2F
2-2: Ball
3-2: 2-RUN HOME RUN (Flyball, 7D, EV 101.2 MPH), Distance : 378 ft
Batting: RHB Simon Mergeni 0-0: Called Strike
0-1: Ball
1-1: Ball
2-1: Ball
3-1: Base on Balls
Pitching: LHP Wilhelm Myers
Batting: SHB Steve DeRienzo 0-0: Ball
1-0: Ball
2-0: Ball
3-0: Called Strike
3-1: Called Strike
3-2: Foul Ball, location: 2F
3-2: Foul Ball, location: 2F
3-2: Foul Ball, location: 2F
3-2: Base on Balls
Simon Mergeni to second
Batting: LHB Travis Hahn 0-0: Ball
1-0: Foul Ball, location: 2F
1-1: Ball
2-1: Swinging Strike
2-2: Foul Ball, location: 2F
2-2: Strikes out swinging
Top of the 7th over - 2 runs, 1 hit, 0 errors, 2 left on base; York 6 - Paris 2
BOTTOM OF THE 7TH
Paris Cubs batting - Pitching for York Revolution : RHP Tim Starks
Batting: RHB Dan Orozco 0-0: Called Strike
0-1: Called Strike
0-2: Hit by Pitch
Batting: LHB Jeremy Rideout 0-0: Ball
Dan Orozco steals 2nd base
1-0: Fly out, F8 (Flyball, 8LM, EV 74.4 MPH)
Batting: LHB Jose Mafano 0-0: Foul Ball, location: 2F
0-1: SINGLE (Groundball, 6S, EV 75.0 MPH) (infield hit)
Dan Orozco to third
Pinch Hitting: RHB Andy Villarreal 0-0: Foul Ball, location: 2F
0-1: Ball
1-1: Foul Ball, location: 2F
1-2: Ball
2-2: Fly out, F7 (Line Drive, 7, EV 85.0 MPH)
Runner from 3rd tags up, SCORES, no throw by LF
Batting: RHB Lencho Otieno 0-0: Ball
Jose Mafano steals 2nd base
1-0: Ball
2-0: Ball
3-0: Base on Balls
Batting: SHB Jim Lloyd 0-0: Called Strike
0-1: Swinging Strike
0-2: Strikes out swinging
Bottom of the 7th over - 1 run, 1 hit, 0 errors, 2 left on base; York 6 - Paris 3
TOP OF THE 8TH
York Revolution batting - Pitching for Paris Cubs : LHP Wilhelm Myers
Now in CF: Andy Villarreal
Batting: RHB Jesse Sargent 0-0: Foul Ball, location: 2F
0-1: Ball
1-1: Foul Ball, location: 2F
1-2: Foul Ball, location: 2F
1-2: Ball
2-2: Ball
3-2: Base on Balls
Batting: RHB Alexis Graciani 0-0: Ball
Wild Pitch!
Jesse Sargent to second
1-0: SINGLE (Groundball, 6MD, EV 102.5 MPH)
Jesse Sargent to third
Batting: LHB Matt Urbanek 0-0: Ball
1-0: Called Strike
1-1: Ball
2-1: SINGLE (Groundball, 4M, EV 86.2 MPH) (infield hit)
Jesse Sargent scores
Alexis Graciani to second
Batting: RHB Juan Valadez 0-0: Called Strike
0-1: Foul Ball, location: 2F
0-2: Ball
1-2: Ball
2-2: 3-RUN HOME RUN (Flyball, 7D, EV 96.9 MPH), Distance : 387 ft
Pinch Hitting: RHB Trent Hedrick 0-0: Ball
1-0: Fly out, F4 (Popup, 34D, EV 51.9 MPH)
Batting: RHB Joel Gomez 0-0: Ball
1-0: Ball
2-0: Ball
3-0: Base on Balls
Batting: RHB Simon Mergeni 0-0: Ball
1-0: Ball
2-0: Ball
3-0: Called Strike
3-1: Base on Balls
Joel Gomez to second
Batting: SHB Steve DeRienzo 0-0: Ball
1-0: Ball
2-0: Swinging Strike
2-1: Ball
3-1: Base on Balls
Joel Gomez to third
Simon Mergeni to second
Batting: LHB Travis Hahn 0-0: Foul Ball, location: 2F
0-1: Fly out, F8 (Flyball, 8LD, EV 91.2 MPH)
Runner from 3rd tags up, SCORES, throw by CF
Batting: RHB Jesse Sargent 0-0: Ball
1-0: Foul Ball, location: 2F
1-1: SINGLE (Line Drive, 3D, EV 99.4 MPH)
Simon Mergeni to third
Steve DeRienzo to second
Runner from 3rd tries for Home, SAFE, throw by RF to home
Batting: RHB Alexis Graciani 0-0: Ball
1-0: Ball
Passed Ball!
Steve DeRienzo to third
Jesse Sargent to second
2-0: Ball
3-0: Base on Balls
Batting: LHB Matt Urbanek 0-0: Ball
1-0: Called Strike
1-1: Foul Ball, location: 2F
1-2: Foul Ball, location: 2F
1-2: Foul Ball, location: 2F
1-2: Strikes out swinging
Top of the 8th over - 6 runs, 4 hits, 0 errors, 3 left on base; York 12 - Paris 3
BOTTOM OF THE 8TH
Paris Cubs batting - Pitching for York Revolution : RHP Tim Starks
Now at SS: Trent Hedrick
Batting: RHB Ricky Ramirez 0-0: Foul Ball, location: 2F
0-1: Ball
1-1: SINGLE (Groundball, 34S, EV 71.9 MPH) (infield hit)
Batting: LHB David Mendez 0-0: Ball
1-0: Ball
2-0: Swinging Strike
2-1: Called Strike
2-2: Foul Ball, location: 2F
2-2: Fly out, F6 (Line Drive, 6M, EV 71.9 MPH)
Pitching: RHP Tony Machado
Batting: RHB David Bousfield 0-0: Called Strike
0-1: Ball
1-1: Ball
2-1: Swinging Strike
2-2: Fly out, F7 (Flyball, 7, EV 95.0 MPH)
Batting: RHB Dan Orozco 0-0: Ball
1-0: Ball
2-0: Fly out, F7 (Flyball, 7S, EV 85.6 MPH)
Bottom of the 8th over - 0 runs, 1 hit, 0 errors, 1 left on base; York 12 - Paris 3
TOP OF THE 9TH
York Revolution batting - Pitching for Paris Cubs : LHP Wilhelm Myers
Pitching: LHP Jesus Resendez
Batting: RHB Juan Valadez 0-0: Ball
1-0: Ball
2-0: Called Strike
2-1: Foul Ball, location: 2F
2-2: Ball
3-2: Foul Ball, location: 2F
3-2: Foul Ball, location: 2F
3-2: Base on Balls
Batting: RHB Trent Hedrick 0-0: Ground out 6-3 (Groundball, P, EV 81.9 MPH)
Juan Valadez to second
Batting: RHB Joel Gomez 0-0: Ball
1-0: Called Strike
1-1: Foul Ball, location: 2F
1-2: Foul Ball, location: 2F
1-2: Ball
2-2: Ball
3-2: Fly out, F9 (Line Drive, 9, EV 95.0 MPH)
Batting: RHB Simon Mergeni 0-0: Foul Ball, location: 2F
0-1: Swinging Strike
0-2: Ground out 6-3 (Groundball, 6, EV 85.6 MPH)
Top of the 9th over - 0 runs, 0 hits, 0 errors, 1 left on base; York 12 - Paris 3
BOTTOM OF THE 9TH
Paris Cubs batting - Pitching for York Revolution : RHP Tony Machado
Pinch Hitting: RHB Michihisa Tanaka 0-0: Ball
1-0: SINGLE (Groundball, 56D, EV 98.1 MPH)
Batting: LHB Jose Mafano 0-0: Called Strike
0-1: Ball
1-1: Foul Ball, location: 2F
1-2: Fielders Choice at 2nd, 4-6 (Groundball, 4M, EV 106.9 MPH)
Batting: RHB Andy Villarreal 0-0: Foul Ball, location: 2F
0-1: Ball
1-1: Ball
2-1: Swinging Strike
2-2: Foul Ball, location: 2F
2-2: Foul Ball, location: 2F
2-2: Ball
3-2: Foul Ball, location: 2F
3-2: Foul Ball, location: 2F
3-2: Base on Balls
Jose Mafano to second
Batting: RHB Lencho Otieno 0-0: Ball
1-0: Ball
2-0: Called Strike
2-1: Swinging Strike
2-2: Foul Ball, location: 2F
2-2: Strikes out swinging
Batting: SHB Jim Lloyd 0-0: Ball
1-0: Ball
2-0: Ball
3-0: Foul Ball, location: 2F
3-1: Base on Balls
Jose Mafano to third
Andy Villarreal to second
Batting: RHB Ricky Ramirez 0-0: Ball
1-0: Fly out, F8 (Flyball, 8LM, EV 93.8 MPH)
Bottom of the 9th over - 0 runs, 1 hit, 0 errors, 3 left on base; York 12 - Paris 3
Thursday, December 15th , 2022 - OOTP Baseball 23.9 Build 102